 Dungeon Crawl Stone Soup version 0.24.1-5-g77f818bfca (webtiles) character file.

Game seed: 368916585144433335, levelgen mode: deterministic

111 Descartes the Ducker (level 4, -4/22 HPs)
             Began as a Felid Monk on Apr 24, 2020.
             Killed by divine providence
             ... invoked by an orc priest
              (10 damage)
             ... on level 4 of the Dungeon.
             The game lasted 00:05:35 (3667 turns).

Descartes the Ducker (Felid Monk)                   Turns: 3667, Time: 00:05:35

Health: -4/22      AC:  1    Str:  8    XL:     4   Next: 62%
Magic:  5/5        EV: 21    Int: 11    God:
Gold:   137        SH:  0    Dex: 18    Spells: 3/3 levels left
                                        Lives:  0   Deaths: 1

rFire    . . .     SeeInvis +     - Unarmed
rCold    . . .     Gourm    .   (shield unavailable)
rNeg     . . .     Faith    .   (armour unavailable)
rPois    .         Spirit   .   (helmet unavailable)
rElec    .         Reflect  .   (cloak unavailable)
rCorr    +         Harm     .   (gloves unavailable)
MR       +....                  (boots unavailable)
Stlth    +++.......             e - amulet of the acrobat
HPRegen  0.07/turn              h - ring of resist corrosion
MPRegen  0.09/turn              p - ring of protection from magic

@: quick
A: very small, no armour, no weapons or thrown items, stealth, claws 1, fangs 3,
see invisible, carnivore, speed 1, shaggy fur 1, slow metabolism 1, sharp paws
a: no special abilities


You were on level 4 of the Dungeon.
You were completely stuffed.

You visited 1 branch of the dungeon, and saw 4 of its levels.

You collected 137 gold pieces.

Inventory:

Missiles
 o - 30 arrows
Jewellery
 e - an amulet of the acrobat (around neck)
 h - a ring of resist corrosion (left paw)
 p - a ring of protection from magic (right paw)
Scrolls
 b - 4 scrolls of identify {unknown}
 c - a scroll of noise {unknown}
 f - 3 scrolls of remove curse {unknown}
 g - a scroll of amnesia {unknown}
 k - a scroll of immolation {unknown}
 l - a scroll of enchant armour {unknown}
 n - a scroll of magic mapping {unknown}
Potions
 d - a potion of resistance {unknown}
 j - a potion of agility {unknown}
 m - a potion of invisibility {unknown}
 q - a potion of might {unknown}
Comestibles
 a - 4 rations
 i - 7 chunks of flesh


   Skills:
 + Level 3.8 Fighting
 + Level 5.0 Dodging
 + Level 4.2 Stealth
 * Level 4.4 Unarmed Combat


You had 3 spell levels left.
You didn't know any spells.
Your spell library contained the following spells:

 Spells                   Type           Power        Failure   Level  Hunger
 Summon Small Mammal      Summ           #...         34%         1    ##.....
 Call Imp                 Summ           #.......     47%         2    ###....
 Call Canine Familiar     Summ           #.......     71%         3    ####...
 Summon Guardian Golem    Hex/Summ       #.......     71%         3    ####...
 Summon Ice Beast         Ice/Summ       #.......     98%         4    #####..
 Summon Lightning Spire   Summ/Air       #.......     98%         4    #####..


Dungeon Overview and Level Annotations

Branches:
Dungeon (4/15)
 Temple: D:4-7

Altars:
Dithmenos
Elyvilon
Hepliaklqana
Uskayaw


Innate Abilities, Weirdness & Mutations

You cannot wear armour.
You are incapable of wielding weapons or throwing items.
Your paws allow you to move quietly. (Stealth)
You have sharp claws.
You have razor-sharp teeth.
You have supernaturally acute eyesight. (SInv)
You are carnivorous and can eat meat at any time.
You cover ground quickly.
You are covered in fur. (AC +1)
You have a slow metabolism.
Your sharp claws are effective at attacking unaware monsters.


Message History

There is a stone staircase leading down here.
You climb downwards.
The orc throws a boomerang.
The boomerang hits you but does no damage.
The weapon returns to the orc!
The orc throws a boomerang.
The boomerang misses you.
The weapon returns to the orc!
There is a stone staircase leading up here.
The orc throws a boomerang.
The boomerang completely misses you.
The weapon returns to the orc!
The orc throws a boomerang.
The boomerang hits you.
The weapon returns to the orc!
The orc completely misses you.
You closely miss the orc. You bite the orc.
The orc is severely wounded.
The orc priest calls upon Beogh to heal the orc.
The orc's wounds heal themselves!
You barely miss the orc. The orc hits you with a +0 flail!
* * * LOW HITPOINT WARNING * * *
The orc priest mumbles some strange prayers to Beogh against you.
Beogh smites you!
You die...

#.## .###. .. ##.# .#... #. #.##
#..... #.## ##..##### ##.....#
#..## ###.......####.....## #...#
##...................#
#..#####....................#
##...##.......o...............
##....>.......@................
##.........<.........o..........
##...............................
.................................
.............#######.............
########......# ###...........
#........ ##.......... #.###++###
##......... #.#


You could see an orc priest and an orc.

Vanquished Creatures
  A hound (D:4)
  An iguana (D:2)
  5 adders
  A shadow imp (D:3)
  2 worms
  2 dart slugs (D:1)
  5 orcs
  3 ball pythons
  7 bats
  3 giant cockroaches
  8 goblins
  5 hobgoblins
  2 jackals (D:1)
  A quokka (D:3)
  2 frilled lizards (D:1)
  5 kobolds
  4 rats
57 creatures vanquished.

Vanquished Creatures (others)
  A kobold (D:3)
1 creature vanquished.

Grand Total: 58 creatures vanquished

Notes
Turn   | Place    | Note
-------+----------+-------------------------------------------
     0 | D:1      | Descartes the Felid Monk began the quest for the Orb.
     0 | D:1      | Reached XP level 1. HP: 10/10 MP: 2/2
   427 | D:1      | Reached XP level 2. HP: 8/14 MP: 3/3
  1022 | D:2      | Found a shadowy altar of Dithmenos.
  1194 | D:1      | Reached XP level 3. HP: 17/17 MP: 4/4
  1329 | D:2      | Reached XP level 4. HP: 9/21 MP: 5/5
  1583 | D:2      | Found a hazy altar of Hepliaklqana.
  2081 | D:3      | Found a white marble altar of Elyvilon.
  2593 | D:3      | Found a hide-covered altar of Uskayaw.
  2672 | D:3      | Slain by a kobold
  2673 | D:3      | Reached XP level 3. HP: 0/18 MP: 4/4
  2796 | D:3      | Reached XP level 4. HP: 16/22 MP: 5/5
  3108 | D:4      | Reached skill level 5 in Dodging
  3667 | D:4      | Killed from afar by an orc priest

Levels and vault maps discovered:
D:1:      dpeg_arrival_renting, layout_basic
D:2:      layout_rooms, grunt_dithmenos_smoke_and_mirrors, old_standard_altar
D:3:      layout_basic, lemuel_doored_altar, elyvilon_altar_4
D:4:      cheibrodos_old_hovel, layout_layer_cave, okawaru_ov_weapons_minmay

Skill      XL: |  1  2  3  4 |
---------------+-------------+-----
Stealth        | 3 4 |  4.2
Unarmed Combat | 4 |  4.4
Dodging        | 5 |  5.0
Fighting       | |  3.8

Action                   |  1- 3 |  4- 6 || total
-------------------------+-------+-------++-------
Melee: Unarmed           |    85 |    84 ||   169
       Bite              |    10 |     5 ||    15
       Punch             |     1 |       ||     1
 Stab: Sleeping          |     8 |     6 ||    14
       Distracted        |       |     1 ||     1
  Eat: Chunk             |    13 |     5 ||    18
Armor: Skin              |     2 |     3 ||     5
Dodge: Dodged            |    55 |    80 ||   135
